 Dungeon Crawl Stone Soup version 0.27-a0-1191-g601b473118 (webtiles) character file.

Game seed: 5415556252132982588

102 polve the Cutter (level 4, 0/52 HPs)
             Began as a Demonspawn Abyssal Knight on May 23, 2021.
             Was a Follower of Lugonu.
             Killed by divine providence
             ... invoked by an orc priest
              (12 damage)
             ... on level 2 of the Dungeon.
             The game lasted 00:01:44 (2233 turns).

polve the Cutter (Demonspawn Abyssal Knight)        Turns: 2233, Time: 00:01:45

Health: 0/52       AC: 22    Str: 13    XL:     4   Next: 50%
Magic:  5/5        EV:  2    Int: 14    God:    Lugonu [*.....]
Gold:   60         SH:  0    Dex: 12    Spells: 2/3 levels left

rFire    . . .     SeeInvis .   (no weapon)
rCold    . . .     Faith    .   (no shield)
rNeg     + + +     Spirit   .   (armour currently unavailable)
rPois    +         Reflect  .   (helmet currently unavailable)
rElec    .         Harm     .   (cloak currently unavailable)
rCorr    .         Rampage  .   (gloves currently unavailable)
Will     .....     NoTele   +   (boots currently unavailable)
Stlth    +.........             (no amulet)
HPRegen  1.17/turn              (no ring)
MPRegen  0.09/turn              (no ring)

@: tree-form
A: stationary, stasis, torment immunity, boosted hp, (talons 1), powered by
death 1, (sturdy frame 1)
a: Renounce Religion, Depart the Abyss


You were on level 2 of the Dungeon.
You worshipped Lugonu.
Lugonu was aware of your devotion.
You were a tree.
You visited 1 branch of the dungeon, and saw 2 of its levels.
You visited the Abyss 1 time.

You collected 60 gold pieces.

Inventory:

Hand Weapons
 a - a +1 short sword
Armour
 b - a +0 leather armour (melded)
 d - a +0 helmet
Scrolls
 c - 3 scrolls of teleportation {unknown}
 e - a scroll of fog {unknown}


   Skills:
 - Level 3.0 Fighting
 - Level 4.0 Short Blades
 - Level 1.7 Armour
 - Level 0.8 Dodging
 + Level 1.7 Conjurations
 - Level 2.4 Invocations


You had 2 spell levels left.
You knew the following spells:

 Your Spells              Type           Power      Damage    Failure   Level
a - Magic Dart            Conj           16%        1d3       14%         1

Your spell library contained the following spells:

 Spells                   Type           Power      Damage    Failure   Level
 Searing Ray              Conj           8%         3d3       22%         2
 Dazzling Flash           Conj/Hex       4%         N/A       52%         3
 Fulminant Prism          Conj/Hex       1%         3d6       90%         4
 Iskenderun's Mystic Bla  Conj/Tloc      2%         2d3       90%         4


Dungeon Overview and Level Annotations

Branches:
Dungeon (2/15)

Altars:


Innate Abilities, Weirdness & Mutations

You are a tree.
Your roots penetrate the ground, keeping you stationary.
You cannot be teleported.
You are immune to unholy pain and torment.
Your maximum health is greatly increased.
Your equipment is partially melded.
((You have sharp toenails.))
You regenerate a little health from kills.
((Your movements are slightly less encumbered by armour. (ER -2)))


Message History

The magic dart hits you.
* * * LOW HITPOINT WARNING * * *
You smack something!
Lugonu accepts your kill.
Reactivating autopickup.
You feel a bit more experienced.
The orc priest looks satisfied for a moment.
Training target 4.0 for Short Blades reached!
Your Short Blades skill increases to level 4!
You need to enable at least one skill for training.
You have reached level 4!
You feel stronger.
Your demonic ancestry asserts itself...
A wave of death washes over you.
You hit the orc but do no damage.
The orc is heavily wounded.
The orc hits you but does no damage.
You smack the orc!
You kill the orc!
Lugonu accepts your kill.
The orc priest begins to cast a cantrip, but forgets the words!
You hear some strange, mumbled words.
A puff of flame appears from out of thin air!
Deactivating autopickup; reactivate with Ctrl-A.
The puff of flame hits you.
* * * LOW HITPOINT WARNING * * *
You barely miss something. You hit something. Something completely misses you.
You smack something!
Lugonu accepts your kill.
Reactivating autopickup.
You feel a bit more experienced.
Your Conjurations skill increases to level 1!
You smack the orc priest!
The orc priest is heavily wounded.
The orc priest hits you but does no damage.
You hit the orc priest.
The orc priest is severely wounded.
The orc priest mumbles some strange prayers to Beogh against you.
Beogh smites you!
You die...

##### #...# #...#
#...###########
#.............#####
#...#########.....#
#...#############.##
#...##o......oo♣...## #.
#....#o#########....#####..
####.#o...o...###.#........
#.#..#o..#..##.####..###
#.....o.....$#.## ......
#....o......⌠#..##.# ...
##...........#..#..# ..
#...#...#..##....# .
#.........###.#.##


You could see an orc priest and an orc.

Vanquished Creatures
  2 orc wizards (D:2)
  A gnoll (D:1)
  An adder (D:2)
  An orc (D:2)
  4 endoplasms (D:1)
  2 giant cockroaches (D:1)
  A goblin (D:1)
  2 hobgoblins (D:1)
  2 jackals (D:1)
  4 kobolds (D:1)
  A quokka (D:2)
  3 ball pythons (D:1)
  6 bats
  2 frilled lizards (D:1)
  4 rats
36 creatures vanquished.

Notes
Turn   | Place    | Note
-------+----------+-------------------------------------------
     0 | Abyss:1  | polve the Demonspawn Abyssal Knight began the quest for the
                  | Orb.
     0 | Abyss:1  | Reached XP level 1. HP: 18/18 MP: 2/2
    64 | Abyss:1  | Noticed an ancient zyme
    74 | Abyss:1  | Noticed a small abomination
   141 | Abyss:2  | Noticed a sun demon
   141 | D:1      | Escaped the Abyss
   559 | D:1      | Reached skill level 2 in Short Blades
   623 | D:1      | Gained mutation: Your movements are slightly less
                  | encumbered by armour. (ER -2) [demonic ancestry]
   623 | D:1      | Reached XP level 2. HP: 10/24 MP: 3/3
   839 | D:1      | Reached skill level 3 in Short Blades
   854 | D:1      | Reached * piety under Lugonu
   899 | D:1      | Learned a level 1 spell: Magic Dart
   946 | D:1      | Gained mutation: You have sharp toenails. [demonic
                  | ancestry]
   946 | D:1      | Reached XP level 3. HP: 24/29 MP: 4/4
  1805 | D:1      | Found a faded altar of an unknown god.
  2226 | D:2      | Reached skill level 4 in Short Blades
  2226 | D:2      | Gained mutation: You regenerate a little health from kills.
                  | [demonic ancestry]
  2226 | D:2      | Reached XP level 4. HP: 9/35 MP: 5/5
  2232 | D:2      | Reached skill level 1 in Conjurations
  2233 | D:2      | Killed from afar by an orc priest

Illustrated notes

Levels and vault maps discovered:
D:1:      amcnicky_arrival_wind_blow, layout_basic,
          ebering_ecumenical_altar_abandoned, minivault_26, st_stairs_7
D:2:      cheibrodos_pilgrimage, layout_rooms, serial_shops, shop, basic_altar,
          st_stairs_12, kennysheep_nub, minmay_misc_feat_square,
          minmay_misc_feat_roman, kennysheep_generic_room_6

Skill      XL: |  1  2  3  4 |
---------------+-------------+-----
Short Blades   | 2 3 4 |  4.0
Conjurations   | 1 |  1.7
Fighting       | |  3.0
Armour         | |  1.7
Dodging        | |  0.8
Invocations    | |  2.4

Action                   |  1- 3 |  4- 6 || total
-------------------------+-------+-------++-------
Melee: Short sword       |   127 |       ||   127
       Kick              |    12 |       ||    12
       Unarmed           |     8 |     7 ||    15
Invok: Depart the Abyss  |     1 |       ||     1
  Use: Potion            |     1 |       ||     1
 Stab: Sleeping          |     1 |       ||     1
Armor: Leather armour    |    63 |       ||    63
       Skin              |     4 |     2 ||     6
Dodge: Dodged            |    95 |     1 ||    96

Table legend: (Time is in decaauts)
 A = Elapsed time spent in this place.
 B = Non-inter-level travel time spent in this place.
 C = Inter-level travel time spent in this place.
 D = Time resting spent in this place.
 E = Time spent auto-exploring this place.
 F = Levels seen in this place.
 G = Mean time per level.
                   A        B        C        D        E       F      G
               +--------+--------+--------+--------+--------+-----+--------+
         Total |   2224 |   2202 |     22 |      0 |   1898 |   4 |  556.0 |
       Dungeon |   2083 |   2061 |     22 |      0 |   1771 |   2 | 1041.5 |
         Abyss |    140 |    140 |      0 |      0 |    127 |   2 |   70.0 |
               +--------+--------+--------+--------+--------+-----+--------+

Top non-repeatable levels by time:
     D:1: 1784 daAuts
     D:2: 299 daAuts
 Abyss:1: 77 daAuts
 Abyss:2: 63 daAuts
